 Dungeon Crawl Stone Soup version 0.25.1-8-g42b30a86e7 (webtiles) character file.

Game seed: 17114116281231123381

174188 DildoBatman the Eclecticist (level 18, -2/151 HPs)
             Began as a Formicid Wizard on Dec 4, 2020.
             Was an Initiate of Gozag.
             Slain by the 26-headed Lernaean hydra (6 damage)
             ... on level 4 of the Swamp on Dec 5, 2020.
             The game lasted 01:56:30 (28852 turns).

DildoBatman the Eclecticist (Formicid Wizard)      Turns: 28852, Time: 01:56:31

Health: -2/151     AC: 26    Str: 14    XL:     18   Next: 71%
Magic:  29/37      EV: 20    Int: 24    God:    Gozag
Gold:   5843       SH: 12    Dex: 15    Spells: 5/47 levels left

rFire    . . .     SeeInvis +   a - +6 long sword of the Fox {flame, rN+}
rCold    . . .     Gourm    .   R - +1 kite shield of Ashenzari's Regard {rElec MR+}
rNeg     + . .     Faith    .   o - +4 troll leather armour
rPois    .         Spirit   .   (helmet unavailable)
rElec    +         Reflect  .   F - +1 cloak {rCorr}
rCorr    +         Harm     .   E - +0 pair of gloves
MR       ++...                  l - +2 pair of boots
Stlth    ++........             r - amulet of regeneration
HPRegen  1.15/turn              e - +4 ring of evasion
MPRegen  0.25/turn              U - +6 ring of dexterity

@: brilliant, icy armour, flying, very slightly contaminated, invisible
A: permanent stasis, dig shafts and tunnels, four strong arms, antennae 3,
rugged brown scales 1, mutation resistance 1, robust 1
a: Dig, Shaft Self, Potion Petition, Call Merchant, Bribe Branch, Renounce
Religion


You were on level 4 of the Swamp.
You worshipped Gozag.
Gozag was greatly pleased with you.
You were not hungry.

You visited 5 branches of the dungeon, and saw 28 of its levels.

You collected 7167 gold pieces.
You spent 114 gold pieces at shops.
You paid 1210 gold pieces to Gozag.

Inventory:

Hand Weapons
 a - the +6 long sword of the Fox (weapon) {flame, rN+}
   (You found it on level 8 of the Dungeon)

   It has been specially enchanted to burn those struck by it, causing extra
   injury to most foes and up to half again as much damage against particularly
   susceptible opponents.
   Big, fiery blades are also staple armaments of hydra-hunters.
   It protects you from negative energy.
 b - the +3 falchion of Disaster {flame, +Fly rC- Int+6}
   (You took it off a crimson imp on level 7 of the Dungeon)

   It has been specially enchanted to burn those struck by it, causing extra
   injury to most foes and up to half again as much damage against particularly
   susceptible opponents.
   Big, fiery blades are also staple armaments of hydra-hunters.
   It affects your intelligence (+6).
   It makes you vulnerable to cold.
   It lets you fly.
 c - a +3 longbow of flaming
Missiles
 j - 261 sling bullets
 q - 459 arrows
 s - 243 bolts
 G - a throwing net (quivered)
 Z - 7 silver javelins
Armour
 l - a +2 pair of boots (worn)
 o - a +4 troll leather armour (worn)
 E - a +0 pair of gloves (worn)
 F - a +1 cloak of preservation (worn)
 R - the +1 kite shield of Ashenzari's Regard (worn) {rElec MR+}
   (You found it on level 12 of the Dungeon)

   It insulates you from electricity.
   It affects your resistance to hostile enchantments.
 W - the +2 robe "Hiobliy" {MR++ Regen+}
   (You found it on level 2 of the Lair of Beasts)

   It affects your resistance to hostile enchantments.
   It increases your rate of regeneration.
Magical Staves
 f - an uncursed staff of poison
 O - an uncursed staff of energy
Jewellery
 e - a +4 ring of evasion (left hand)
 r - an amulet of regeneration (around neck)
 B - an uncursed ring of fire
 U - a +6 ring of dexterity (right hand)
Wands
 m - a wand of iceblast (19)
 w - a wand of clouds (7)
 y - a wand of random effects (19)
 H - a wand of acid (9)
Scrolls
 g - 3 scrolls of amnesia
 p - a scroll of enchant armour
 t - 4 scrolls of fog
 x - 12 scrolls of remove curse
 z - a scroll of identify
 C - 5 scrolls of magic mapping
 J - 3 scrolls of immolation
 K - a scroll of holy word
 N - a scroll of acquirement
 Q - 4 scrolls of fear
 S - 2 scrolls of torment
 T - a scroll of summoning
Potions
 h - 12 potions of curing
 k - a potion of might {unknown}
 n - a potion of flight
 u - a potion of magic
 A - 4 potions of brilliance
 I - 8 potions of heal wounds
 L - 3 potions of resistance
 Y - a potion of ambrosia
Miscellaneous
 d - a lightning rod (4/4)
 i - a phial of floods
 P - 3 phantom mirrors
Comestibles
 v - 31 rations


   Skills:
 - Level 10.0 Fighting
 - Level 2.0 Long Blades
   Level 1.0 Maces & Flails
 - Level 10.0 Armour
 - Level 7.0 Dodging
 - Level 2.4 Stealth
 - Level 9.0 Shields
 - Level 15.0 Spellcasting
 - Level 6.0 Conjurations
 - Level 6.0 Charms
   Level 1.0 Summonings
 * Level 11.9 Necromancy
 * Level 2.7 Translocations
 - Level 5.0 Fire Magic
 - Level 6.0 Ice Magic
 - Level 4.0 Air Magic
 * Level 14.1 Earth Magic
 - Level 4.0 Poison Magic


You had 5 spell levels left.
You knew the following spells:

 Your Spells              Type           Power        Failure   Level  Hunger
a - Conjure Flame         Conj/Fire      ######..     1%          3    None
b - Borgnjor's Vile Clut  Necr/Erth      #######...   1%          5    None
c - Statue Form           Tmut/Erth      ######...    30%         6    None
d - Vampiric Draining     Necr           #######...   1%          3    None
e - Mephitic Cloud        Conj/Pois/Air  ######..     1%          3    None
f - Shroud of Golubria    Chrm/Tloc      ######       1%          2    None
g - Ozocubu's Armour      Chrm/Ice       ######..     1%          3    None
h - Dispel Undead         Necr           #######.     1%          4    None
i - Bolt of Magma         Conj/Fire/Erth ######....   3%          5    None
j - Iron Shot             Conj/Erth      #######...   9%          6    None
z - Sublimation of Blood  Necr           #######...   1%          2    None

Your spell library contained the following spells:

 Spells                   Type           Power        Failure   Level  Hunger
 Animate Skeleton         Necr           N/A          1%          1    None
 Apportation              Tloc           #####.       1%          1    None
 Freeze                   Ice            ####         1%          1    None
 Infusion                 Chrm           ####         1%          1    None
 Magic Dart               Conj           ####         1%          1    None
 Pain                     Necr           ####         1%          1    None
 Corpse Rot               Necr/Air       N/A          1%          2    None
 Ensorcelled Hibernation  Hex/Ice        #####.       1%          2    None
 Song of Slaying          Chrm           ######..     1%          2    None
 Frozen Ramparts          Ice            ######       1%          3    None
 Animate Dead             Necr           N/A          1%          4    None
 Leda's Liquefaction      Hex/Erth       ######....   1%          4    None
 Agony                    Necr           #######.     1%          5    None
 Summon Small Mammal      Summ           ####         2%          1    None
 Corona                   Hex            ####...      3%          1    None
 Call Imp                 Summ           ####....     3%          2    None
 Dazzling Flash           Conj/Hex       #####.       3%          3    None
 Spectral Weapon          Hex/Chrm       #####...     3%          3    None
 Hailstorm                Conj/Ice       ######..     3%          4    None
 Slow                     Hex            ####....     5%          2    None
 Sticks to Snakes         Tmut           ####....     5%          2    None
 Recall                   Summ/Tloc      N/A          5%          3    None
 Summon Ice Beast         Ice/Summ       ######..     9%          4    None
 Confusing Touch          Hex            ####....     11%         3    None
 Tukima's Dance           Hex            ####....     11%         3    None
 Death Channel            Necr           #######...   4%          6    None
 Simulacrum               Ice/Necr       #######...   14%         6    None
 Borgnjor's Revivificati  Necr           #######...   88%         8    None
 Infestation              Necr           #######...   88%         8    None
 Haunt                    Necr/Summ      ######....   91%         7    None
 Death's Door             Chrm/Necr      #######...   99%         8    None
 Necromutation            Tmut/Necr      ######....   100%        8    None
 Shatter                  Erth           #######...   100%        9    None
 Blink                    Tloc           Unusable     N/A         2    N/A

Dungeon Overview and Level Annotations

Branches:
Dungeon (15/15)            Temple (1/1) D:6            Lair (6/6) D:9
  Swamp (4/4) Lair:2       Spider (0/4) Lair:2        Slime (0/5) Lair:5
    Orc (2/2) D:11            Elf (0/3) Orc:2        Vaults (0/5) D:14
 Depths (0/5) D:15

Altars:
Ashenzari
Cheibriados
Dithmenos
Elyvilon
Fedhas
Gozag
Hepliaklqana
Kikubaaqudgha
Makhleb
Nemelex Xobeh
Okawaru
Qazlal
Ru
Sif Muna
Trog
Uskayaw
Vehumet
Wu Jian
Xom
Yredelemnul
Zin
The Shining One
Beogh
Jiyva
Lugonu

Shops:
D:4 =   D:5 [   D:7 (*   Orc:2 *[(:

Annotations:
D:8 exclusion: soldier ant
Swamp:4 Lernaean hydra


Innate Abilities, Weirdness & Mutations

You cannot be hasted, slowed, berserked, paralysed or teleported.
You can dig through walls and to a lower floor.
Your four strong arms can wield two-handed weapons with a shield.
You have a pair of large antennae on your head. (SInv)
You are partially covered in rugged brown scales. (AC +1, +3% HP)
You are somewhat resistant to further mutation.
You are robust. (+10% HP)


Message History

The 26-headed Lernaean hydra bites you but does no damage.
The 26-headed Lernaean hydra barely misses you.
The 26-headed Lernaean hydra bites you but does no damage.
The 26-headed Lernaean hydra bites you.
The 26-headed Lernaean hydra bites you but does no damage. x2
The 26-headed Lernaean hydra barely misses you.
The 26-headed Lernaean hydra bites you.
The 26-headed Lernaean hydra bites you but does no damage.
You block the 26-headed Lernaean hydra's attack.
The 26-headed Lernaean hydra bites you.
You block the 26-headed Lernaean hydra's attack.
The 26-headed Lernaean hydra closely misses you.
The 26-headed Lernaean hydra bites you but does no damage.
The 26-headed Lernaean hydra bites you.
The 26-headed Lernaean hydra bites you but does no damage.
The 26-headed Lernaean hydra bites you.
The 26-headed Lernaean hydra completely misses you.
The 26-headed Lernaean hydra bites you.
You die...
Your body crumbles into a pile of gold.

≈≈≈≈≈..i≈.≈≈≈≈$$.$≈♣♣≈≈≈.
♣§≈≈≈≈≈≈...≈≈≈≈≈≈$).♣♣ ≈
≈≈≈≈≈.♣♣..≈≈≈≈≈$...♣
♣..≈≈.♣♣≈.≈≈≈≈.≈≈≈♣≈≈≈≈♣
≈....≈≈§.≈≈≈≈≈$♣♣♣≈≈≈♣.
♣♣≈..≈≈≈.≈≈.≈≈..♣ ≈≈≈♣
♣≈..≈≈≈≈.≈..≈..§♣ ≈≈≈♣
♣..≈≈≈≈iD♣♣♣♣♣♣♣♣ ♣≈♣♣
♣....≈≈≈@.♣ ♣♣
♣♣♣.≈≈≈..≈≈≈♣
♣♣♣♣♣♣♣...≈≈≈.♣♣♣♣♣
≈≈≈≈≈....≈≈≈≈≈≈.♣
≈..≈≈.....≈≈≈≈≈...
≈≈<..♣.≈≈≈≈≈≈≈≈≈≈..
≈..≈♣♣.≈≈≈≈≈≈≈≈≈≈≈.
♣♣♣♣♣♣♣.....≈.≈≈≈≈≈
♣♣♣...≈♣♣§≈≈≈≈


You could see the 26-headed Lernaean hydra (clutched) and a spriggan druid
(clutched).

Vanquished Creatures
  Frances (D:13)
  Roxanne (D:15)
  An orc warlord (Orc:2)
  A frost giant (D:14)
  Azrael (D:15)
  3 dire elephants
  16 hydras
  The ghost of passata the Thaumaturge, a journeyman DEFE of Vehumet (Lair:3)
  A vault guard (D:14)
  7 shambling mangroves
  A ghost crab (Swamp:2)
  2 catoblepae
  An ice dragon (Lair:6)
  6 centaur warriors
  2 two-headed ogres (Orc:1)
  9 alligators
  A tengu warrior (D:15)
  A queen ant (Lair:3)
  An orc high priest (Orc:2)
  Urug (Orc:2)
  2 fire crabs
  4 skeletal warriors (D:11)
  10 unseen horrors
  A spriggan druid (Swamp:2)
  6 swamp dragons
  6 lindwurms
  A necromancer (Lair:5)
  2 orc knights (Orc:2)
  A deep elf mage (D:15)
  7 ugly things
  A mana viper (shapeshifter) (D:11)
  2 cyclopes
  7 manticores
  A wolf spider (D:15)
  4 orc sorcerers
  A salamander (D:15)
  3 centaur zombies
  3 black mambas
  13 elephants (Lair:5)
  Psyche (D:11)
  6 torpor snails (Lair:6)
  2 gargoyles
  20 spiny frogs
  3 rime drakes
  2 death yak zombies
  7 komodo dragons
  3 kobold demonologists (D:10)
  A death yak skeleton (Lair:2)
  4 tengu conjurers
  A hydra zombie (D:15)
  A hornet (shapeshifter) (D:15)
  18 tyrant leeches
  4 trolls
  10 bog bodies
  18 blink frogs
  16 slime creatures
  6 hippogriffs
  20 hornets
  7 dream sheep (Lair:5)
  2 hydra skeletons
  A centaur simulacrum (D:15)
  Sigmund (D:4)
  4 spriggans
  3 black mamba zombies
  4 wyverns
  A shadow (D:13)
  2 redbacks (Lair:2)
  52 yaks
  A water elemental (D:12)
  A fire elemental (D:15)
  A black mamba skeleton (Lair:2)
  3 basilisks
  A steam dragon (D:12)
  4 hungry ghosts
  An elf skeleton (D:15)
  6 vampire mosquitoes
  A warg (Orc:2)
  9 soldier ants
  7 swamp worms
  An acid dragon (D:14)
  8 insubstantial wisps
  The ghost of ragnag the Magician, an amateur DEWz (D:4)
  Menkaure (D:3)
  Duvessa (D:6)
  6 hell hounds (D:15)
  13 water moccasins
  4 porcupines
  A phantom (D:4)
  A spiny frog skeleton (Lair:2)
  A two-headed ogre skeleton (D:15)
  2 black bears
  23 orc warriors
  A black bear (shapeshifter) (D:10)
  6 ice beasts
  An orc zombie (D:15)
  9 swamp drakes
  2 sky beasts
  4 ogres
  7 centaurs
  9 crocodiles
  4 big kobolds
  A hippogriff zombie (Lair:1)
  14 bullfrogs
  2 komodo dragon zombies
  A water moccasin zombie (Lair:2)
  Dowan (D:6)
  A scorpion (D:12)
  7 killer bees (D:11)
  A yak skeleton (Lair:1)
  7 howler monkeys
  11 wights
  2 electric eels
  A bullfrog zombie (D:6)
  9 crimson imps
  A wolf skeleton (Lair:1)
  2 quasits (D:11)
  A jelly (D:8)
  10 orc priests
  A hound (D:8)
  22 orc wizards
  A bullfrog skeleton (D:15)
  3 centaur skeletons
  4 iguanas
  28 worker ants
  3 wolf simulacra (Lair:5)
  2 yak simulacra (Lair:5)
  4 polar bear simulacra (Lair:5)
  An acid dragon zombie (D:4)
  2 crocodile zombies (Lair:1)
  An ogre zombie (D:4)
  A hound zombie (D:7)
  Robin (D:3)
  6 gnolls (Orc:1)
  A howler monkey skeleton (D:15)
  13 adders
  5 shadow imps
  3 oozes
  3 adder skeletons
  3 worms
  A dart slug (D:5)
  10 leopard geckos
  89 orcs
  5 bats
  14 goblins
  7 hobgoblins
  11 jackals
  15 kobolds
  5 quokkas
  A ball python (D:1)
  5 frilled lizards
  2 quokka zombies
  5 rats
  2 river rat simulacra (Lair:5)
  A fungus (Lair:5)
  2 plants
849 creatures vanquished.

Vanquished Creatures (collateral kills)
  2 killer bees (D:11)
2 creatures vanquished.

Vanquished Creatures (others)
  Nessos (D:15)
  A lindwurm (Swamp:4)
  A tyrant leech (Swamp:2)
  A spriggan (Swamp:2)
  An eye of draining (D:15)
  A fire vortex (Lair:2)
  2 plants (Lair:2)
8 creatures vanquished.

Grand Total: 859 creatures vanquished

Notes
Turn   | Place    | Note
-------+----------+-------------------------------------------
     0 | D:1      | DildoBatman the Formicid Wizard began the quest for the
                  | Orb.
     0 | D:1      | Reached XP level 1. HP: 13/13 MP: 4/4
    61 | D:1      | Reached skill level 1 in Conjurations
   322 | D:1      | Reached XP level 2. HP: 19/19 MP: 4/6
   840 | D:1      | Reached XP level 3. HP: 24/24 MP: 2/7
   888 | D:1      | Learned a level 3 spell: Conjure Flame
   892 | D:1      | Learned a level 3 spell: Mephitic Cloud
  1339 | D:2      | Found a stormy altar of Qazlal.
  1346 | D:2      | Found a blossoming altar of Fedhas.
  1463 | D:2      | Found an ornate altar of the Wu Jian Council.
  1706 | D:3      | Found a bloodstained altar of Trog.
  1831 | D:3      | Reached XP level 4. HP: 25/30 MP: 2/8
  2428 | D:3      | Reached skill level 1 in Maces & Flails
  2428 | D:3      | Reached XP level 5. HP: 19/35 MP: 3/9
  3004 | D:4      | Noticed Menkaure
  3008 | D:4      | Found Boumoxoe's Jewellery Emporium.
  3090 | D:4      | Noticed Robin
  3286 | D:4      | Reached skill level 1 in Armour
  3286 | D:4      | Reached skill level 1 in Poison Magic
  3286 | D:4      | Reached XP level 6. HP: 40/42 MP: 3/10
  3297 | D:4      | Reached skill level 1 in Fighting
  3297 | D:4      | Reached skill level 1 in Fire Magic
  3437 | D:4      | Reached skill level 1 in Air Magic
  3532 | D:4      | Found a runed translucent gate.
  3532 | D:4      | Found a runed translucent gate.
  3532 | D:4      | Found a runed translucent gate.
  3533 | D:4      | Noticed ragnag's ghost (amateur DEWz)
  3609 | D:4      | Noticed Sigmund
  3816 | D:4      | Found an iron altar of Okawaru.
  3877 | D:4      | Got a jewelled trident
  4171 | D:4      | Identified the cursed +1 trident "Retih" {vorpal, rN+ Str+6
                  | Int-5} (You found it on level 4 of the Dungeon)
  4178 | D:5      | Entered Level 5 of the Dungeon
  4227 | D:5      | Found a sacrificial altar of Ru.
  4227 | D:5      | Found a snail-covered altar of Cheibriados.
  4261 | D:5      | Noticed an ice beast
  4390 | D:5      | Reached XP level 7. HP: 23/50 MP: 8/11
  4607 | D:5      | Reached skill level 5 in Conjurations
  5107 | D:5      | Found Riutywn's Armour Shoppe.
  5312 | D:6      | Found a staircase to the Ecumenical Temple.
  5324 | Temple   | Entered the Ecumenical Temple
  5382 | Temple   | Became a worshipper of Kikubaaqudgha
  5528 | D:5      | Reached XP level 8. HP: 56/56 MP: 9/12
  5740 | D:4      | Killed Sigmund
  5820 | D:3      | Killed Menkaure
  5862 | D:3      | Killed Robin
  6169 | D:6      | Noticed Dowan
  6249 | D:6      | Killed Dowan
  6249 | D:6      | Reached XP level 9. HP: 31/61 MP: 6/13
  6496 | D:6      | Noticed Duvessa
  6505 | D:6      | Killed Duvessa
  6579 | D:7      | Noticed a hippogriff
  6690 | D:6      | Reached skill level 5 in Fire Magic
  6715 | D:6      | Reached * piety under Kikubaaqudgha
  6715 | D:6      | Identified Kikubaaqudgha's Volume of Black Magic
                  | (Kikubaaqudgha gifted it to you on level 6 of the Dungeon)
  6715 | D:6      | Received a gift from Kikubaaqudgha
  6801 | D:6      | Killed a hippogriff
  6913 | D:7      | Noticed an unseen horror
  7000 | D:7      | Killed an unseen horror
  7000 | D:7      | Reached skill level 1 in Necromancy
  7000 | D:7      | Reached XP level 10. HP: 66/73 MP: 0/15
  7024 | D:7      | Noticed a cyan ugly thing
  7061 | D:7      | Noticed an unseen horror
  7128 | D:7      | Found a shadowy altar of Dithmenos.
  7178 | D:7      | Reached skill level 4 in Spellcasting
  7193 | D:7      | Found Omocue's Antique Weapon Boutique.
  7252 | D:7      | Found Feqola's Fabulous Fripperies.
  7431 | D:7      | Reached skill level 5 in Fighting
  7438 | D:7      | Reached skill level 5 in Armour
  7636 | D:7      | Found a hide-covered altar of Uskayaw.
  7722 | D:7      | Killed an unseen horror
  7872 | D:7      | Found a runed translucent door.
  7875 | D:7      | Found a runed translucent door.
  7875 | D:7      | Noticed an unseen horror
  8003 | D:7      | You fall into a shaft and drop 2 floors!
  8121 | D:8      | Reached skill level 5 in Spellcasting
  8135 | D:8      | Reached ** piety under Kikubaaqudgha
  8399 | D:8      | Got a crystal long sword
  8400 | D:8      | Identified the +6 long sword of the Fox {flame, rN+} (You
                  | found it on level 8 of the Dungeon)
  8439 | D:8      | Found a shimmering altar of Xom.
  8440 | D:8      | Found a hazy altar of Hepliaklqana.
  8441 | D:8      | Noticed a spectral ugly thing
  9079 | D:9      | Reached skill level 5 in Dodging
  9088 | D:9      | Found a staircase to the Lair.
  9109 | D:9      | Reached skill level 1 in Long Blades
  9140 | D:9      | Learned a level 3 spell: Vampiric Draining
  9143 | D:9      | Learned a level 2 spell: Sublimation of Blood
  9147 | D:9      | Learned a level 3 spell: Ozocubu's Armour
  9350 | D:9      | Reached XP level 11. HP: 70/81 MP: 17/19
  9400 | D:9      | Reached skill level 1 in Charms
  9400 | D:9      | Reached skill level 1 in Ice Magic
  9775 | D:10     | Entered Level 10 of the Dungeon
  9849 | D:10     | Reached *** piety under Kikubaaqudgha
  9849 | D:10     | Identified Kikubaaqudgha's Almanac of Dark Rites
                  | (Kikubaaqudgha gifted it to you on level 10 of the Dungeon)
  9849 | D:10     | Received a gift from Kikubaaqudgha
  9858 | D:10     | Learned a level 5 spell: Borgnjor's Vile Clutch
  9895 | D:10     | Noticed a fire crab
  9895 | D:10     | a troll changed into a fire crab
  9898 | D:10     | Noticed an unseen horror
  9903 | D:10     | Reached skill level 1 in Earth Magic
 10046 | D:10     | Reached skill level 6 in Spellcasting
 10083 | D:10     | Killed an unseen horror
 10083 | D:10     | Reached skill level 5 in Necromancy
 10356 | D:10     | Found a corrupted altar of Lugonu.
 10859 | D:7      | Killed a cyan ugly thing
 10924 | D:7      | Identified the +3 falchion of Disaster {flame, +Fly rC-
                  | Int+6}
 11013 | D:7      | Killed an unseen horror
 11013 | D:7      | Reached skill level 5 in Earth Magic
 11300 | D:11     | Noticed a mana viper
 11326 | D:11     | Killed a mana viper
 11396 | D:11     | Noticed a skeletal warrior
 11401 | D:11     | Noticed a skeletal warrior
 11405 | D:11     | Reached XP level 12. HP: 70/89 MP: 3/22
 11801 | D:11     | Learned a level 4 spell: Dispel Undead
 11814 | D:11     | Reached **** piety under Kikubaaqudgha
 11931 | D:11     | Reached skill level 1 in Shields
 11931 | D:11     | Reached skill level 7 in Spellcasting
 12046 | D:11     | Noticed a five-headed hydra
 12075 | D:11     | Killed a four-headed hydra
 12121 | D:11     | Noticed an eight-headed hydra
 12225 | D:11     | Noticed Psyche
 12236 | D:11     | Killed Psyche
 12237 | D:11     | Noticed a skeletal warrior
 12241 | D:11     | Noticed a skeletal warrior
 12245 | D:11     | Killed a skeletal warrior
 12259 | D:11     | Killed a skeletal warrior
 12419 | D:11     | Killed a skeletal warrior
 12505 | D:11     | Killed an eight-headed hydra
 12610 | D:11     | Found a staircase to the Orcish Mines.
 12700 | D:11     | Killed a skeletal warrior
 13199 | Orc:1    | Entered Level 1 of the Orcish Mines
 13286 | Orc:1    | Noticed a two-headed ogre
 13300 | Orc:1    | Killed a two-headed ogre
 13408 | Orc:1    | You fall into a shaft and drop 1 floor!
 13408 | Orc:2    | Entered Level 2 of the Orcish Mines
 13441 | Orc:2    | Reached skill level 10 in Earth Magic
 13847 | Orc:2    | Reached XP level 13. HP: 94/94 MP: 19/23
 13883 | Orc:2    | Reached ***** piety under Kikubaaqudgha
 13931 | Orc:2    | Found a staircase to the Elven Halls.
 14684 | Orc:2    | Noticed Urug
 14772 | Orc:2    | Killed Urug
 14917 | Orc:2    | Noticed an orc warlord
 14966 | Orc:2    | Killed an orc warlord
 14966 | Orc:2    | Reached skill level 5 in Shields
 15009 | Orc:2    | Found a roughly hewn altar of Beogh.
 15125 | Orc:2    | Found Erphistoi's Antique Armour Emporium.
 15148 | Orc:2    | Found Dawuu's General Store.
 15155 | Orc:2    | Bought a scroll of immolation for 42 gold pieces
 15155 | Orc:2    | Bought 2 potions of curing for 72 gold pieces
 15171 | Orc:2    | Found Lomuz's Antique Weapon Emporium.
 15193 | Orc:2    | Found Bubrowke's Book Emporium.
 15559 | D:12     | Got a fading kite shield
 15570 | D:12     | Identified the +1 kite shield of Ashenzari's Regard {rElec
                  | MR+} (You found it on level 12 of the Dungeon)
 16666 | D:13     | Noticed Frances
 16676 | D:13     | Killed Frances
 17050 | D:14     | Reached XP level 14. HP: 101/103 MP: 20/24
 17254 | D:14     | Gained mutation: You expend magic power (3 MP) to
                  | strengthen your wands. [potion of mutation]
 17254 | D:14     | Gained mutation: Armour fits poorly on your strangely
                  | shaped body. [potion of mutation]
 17254 | D:14     | Gained mutation: You have a somewhat thin skeletal
                  | structure. (Dex +2, Stealth) [potion of mutation]
 17255 | D:14     | Lost mutation: You expend magic power (3 MP) to strengthen
                  | your wands. [potion of mutation]
 17255 | D:14     | Lost mutation: You have a somewhat thin skeletal structure.
                  | (Dex +2, Stealth) [potion of mutation]
 17255 | D:14     | Lost mutation: Armour fits poorly on your strangely shaped
                  | body. [potion of mutation]
 17255 | D:14     | Gained mutation: You are partially covered in molten
                  | scales. (AC +2) [potion of mutation]
 17255 | D:14     | Gained mutation: You do not regenerate when monsters are
                  | visible. [potion of mutation]
 17255 | D:14     | Gained mutation: You are partially covered in rugged brown
                  | scales. (AC +1, +3% HP) [potion of mutation]
 17454 | D:14     | Reached ****** piety under Kikubaaqudgha
 17455 | D:14     | Received a gift from Kikubaaqudgha
 17459 | D:14     | Fell from the grace of Kikubaaqudgha
 17661 | Temple   | Became a worshipper of Gozag Ym Sagoz the Greedy
 17709 | D:4      | Killed ragnag's ghost
 17729 | D:4      | Learned a level 2 spell: Shroud of Golubria
 17976 | D:14     | You fall into a shaft and drop 1 floor!
 17976 | D:15     | Entered Level 15 of the Dungeon
 18209 | D:15     | Lost mutation: You are partially covered in molten scales.
                  | (AC +2) [potion of mutation]
 18209 | D:15     | Lost mutation: You do not regenerate when monsters are
                  | visible. [potion of mutation]
 18209 | D:15     | Gained mutation: You are somewhat resistant to further
                  | mutation. [potion of mutation]
 18209 | D:15     | Gained mutation: You are robust. (+10% HP) [potion of
                  | mutation]
 18249 | D:15     | Noticed Roxanne
 18443 | D:15     | Reached skill level 5 in Ice Magic
 18529 | D:15     | Killed Roxanne
 18529 | D:15     | Reached skill level 8 in Spellcasting
 18529 | D:15     | Reached skill level 5 in Charms
 18657 | D:15     | Noticed Azrael
 18710 | D:15     | Killed Azrael
 18919 | D:15     | Found a staircase to the Depths.
 18920 | D:15     | Noticed a dire elephant
 18945 | D:15     | Killed a dire elephant
 19059 | D:14     | Noticed Nessos
 19067 | D:15     | Killed Nessos
 19067 | D:15     | Reached XP level 15. HP: 122/127 MP: 12/27
 19235 | D:14     | Noticed a frost giant
 19243 | D:14     | Killed a frost giant
 19391 | D:14     | Found a gate to the Vaults.
 19433 | D:14     | You fall into a shaft and drop 1 floor!
 19710 | Lair:1   | Entered Level 1 of the Lair of Beasts
 19873 | Lair:1   | Reached skill level 9 in Spellcasting
 20089 | Lair:1   | Identified A Primer on Wizardry
 20556 | Lair:2   | Found a hole to the Spider Nest.
 20861 | Lair:2   | Reached skill level 10 in Fighting
 20861 | Lair:2   | Reached skill level 10 in Armour
 21023 | Lair:2   | Got a ripped robe
 21035 | Lair:2   | Identified the +2 robe "Hiobliy" {MR++ Regen+} (You found
                  | it on level 2 of the Lair of Beasts)
 21077 | Lair:2   | Found a staircase to the Swamp.
 21220 | Lair:2   | Was forgiven by Kikubaaqudgha
 21632 | Lair:3   | Reached skill level 10 in Spellcasting
 21778 | Lair:3   | Found a runed translucent gate.
 21780 | Lair:3   | Found a runed translucent gate.
 21821 | Lair:3   | Found a runed translucent gate.
 21822 | Lair:3   | Noticed passata's ghost (journeyman DEFE)
 21832 | Lair:3   | Killed passata's ghost
 22522 | Lair:3   | Reached skill level 11 in Spellcasting
 22693 | Lair:4   | You fall into a shaft and drop 1 floor!
 22772 | Lair:5   | Found a staircase to the Slime Pits.
 22773 | Lair:5   | Found a viscous altar of Jiyva.
 23058 | Lair:5   | Reached skill level 12 in Spellcasting
 23070 | Lair:5   | Reached XP level 16. HP: 137/137 MP: 8/32
 24326 | Lair:6   | Entered Level 6 of the Lair of Beasts
 24341 | Lair:6   | Reached skill level 13 in Spellcasting
 24636 | Lair:6   | Found a runed translucent door.
 25066 | Lair:6   | Reached skill level 14 in Spellcasting
 25591 | Swamp:1  | Entered Level 1 of the Swamp
 25764 | Swamp:1  | Reached skill level 15 in Spellcasting
 26183 | Swamp:1  | You fall into a shaft and drop 1 floor!
 26284 | Swamp:2  | Reached XP level 17. HP: 142/144 MP: 36/36
 26929 | Swamp:2  | Reached skill level 10 in Necromancy
 26964 | Swamp:2  | Identified the cursed +1 long sword "Thing" {drain, Str+4}
 28159 | Swamp:3  | Identified a scroll of acquirement
 28172 | Swamp:3  | Reached XP level 18. HP: 151/151 MP: 37/37
 28181 | Swamp:3  | Learned a level 6 spell: Statue Form
 28187 | Swamp:3  | Learned a level 5 spell: Bolt of Magma
 28218 | Swamp:3  | Reached skill level 1 in Translocations
 28226 | Swamp:3  | Learned a level 6 spell: Iron Shot
 28571 | Swamp:4  | Entered Level 4 of the Swamp
 28839 | Swamp:4  | Noticed the 27-headed Lernaean hydra
 28852 | Swamp:4  | HP: 4/151 [the 26-headed Lernaean hydra (4)]
 28852 | Swamp:4  | Slain by the 26-headed Lernaean hydra

Illustrated notes

Levels and vault maps discovered:
D:1:      matt_arrival_refuge, layout_loops_cross, chequers_serial_rivers_room_b
D:2:      layout_basic, grunt_temple_overflow_forces_of_nature,
          lemuel_doored_altar, first_ration
D:3:      layout_loops_corners, minmay_misc_feat_enclosed, nrook_uturn,
          trog_hazing_becter
D:4:      layout_loops_ring, gammafunk_ghost_split, serial_shops,
          kennysheep_mini, okawaru_trees_2, uniq_robin, uniq_sigmund,
          uniq_menkaure
D:5:      layout_gridville, chequers_temple_overflow_statue_of_worship,
          serial_shops, nicolae_shop_statue_plus
D:6:      layout_rooms, minmay_temple_entry_large_hall, uniq_duvessa
D:7:      minmay_the_grid_triangle_9x9_rhombus_thin
          [minmay_the_grid_triangle_9x9_tough_junction,
          minmay_the_grid_triangle_9x9_prize_center,
          minmay_the_grid_triangle_9x9_odd_lines,
          minmay_the_grid_triangle_9x9_pentomino_pain], layout_basic,
          nicolae_dithmenos_the_darkroom, lemuel_round_altar, serial_shops,
          nicolae_shop_waterfront, the_bakery, nicolae_alphabet_shops
D:8:      layout_layer_cave, regret_index_temple_of_mockery
D:9:      layout_cave_pools, lair_entry_dummy
D:10:     kennysheep_kobold_lugonu_temple, layout_loops_ring
D:11:     layout_long_grid, david_orc_2, uniq_psyche
D:12:     layout_roguey, kennysheep_dice
D:13:     layout_gridville, uniq_frances
D:14:     layout_roguey, david_vaults_5, minmay_misc_feat_pillars,
          due_unseen_surprise, uniq_nessos
D:15:     hangedman_depths_entry_try_elsewhere_first, layout_basic,
          minmay_misc_feat_more_columns, uniq_azrael, uniq_roxanne
Temple:   cyrus_circular_temple
Lair:1:   layout_regular_city, infiniplex_staircase_pool, serial_bayou_shore_b
Lair:2:   layout_gridlike, palyth_hydra_swamp_entry, spider_nest_entry_a,
          grunt_megastairs_1
Lair:3:   layout_regular_city, ebering_ghost_rock_garden, zaba_antful_of_joy,
          grunt_megastairs_4, lemuel_fruit_fields, lemuel_fruit_tree
Lair:4:   layout_small_grid
Lair:5:   beast_lair_carwin_large_4, layout_cave_pods, slime_altar_1,
          eino_house_with_fridge
Lair:6:   hangedman_lair_in_review, layout_cave_shapes, wormcave,
          serial_bayou_shore_b
Swamp:1:  layout_basic_swamp, hangedman_swamp_blocks, swamp_pool3
Swamp:2:  layout_basic_swamp, evilmike_swamp_ruin_house_1
Swamp:3:  layout_basic_swamp, evilmike_swamp_ruin_house_5
Swamp:4:  swamp_alternative, layout_basic_swamp, swamp_pool3
Orc:1:    layout_caves
Orc:2:    grunt_orc_cross, layout_caves

Skill      XL: |  1  2  3  4  5  6  7  8  9 10 11 12 13 14 15 16 17 18 |
---------------+-------------------------------------------------------+-----
Conjurations   | 1 2 3 4 5 6 |  6.0
Maces & Flails | 1 |  1.0
Armour         | 1 2 4 6 7 9 10 | 10.0
Poison Magic   | 1 2 3 4 |  4.0
Fighting       | 2 4 6 7 9 10 | 10.0
Fire Magic     | 1 2 4 5 |  5.0
Air Magic      | 1 2 3 4 |  4.0
Dodging        | 3 5 6 7 |  7.0
Necromancy     | 1 4 6 9 11 | 11.9
Spellcasting   | 5 6 7 8 12 15 | 15.0
Long Blades    | 1 2 |  2.0
Charms         | 1 3 5 6 |  6.0
Ice Magic      | 1 3 5 6 |  6.0
Earth Magic    | 5 10 11 13 14 | 14.1
Shields        | 3 9 |  9.0
Translocations | 2 |  2.7
Stealth        | |  2.4
Summonings     | |  1.0

Action                   |  1- 3 |  4- 6 |  7- 9 | 10-12 | 13-15 | 16-18 || total
-------------------------+-------+-------+-------+-------+-------+-------++-------
Melee: Short sword       |    10 |       |       |       |       |       ||    10
       Flail             |     7 |    12 |    22 |       |       |       ||    41
       Whip              |       |    65 |   109 |    90 |       |       ||   264
       Trident           |       |       |    26 |    32 |       |       ||    58
       Long sword        |       |       |       |   219 |   705 |   546 ||  1470
       Falchion          |       |       |       |    10 |    42 |     2 ||    54
 Fire: Longbow           |       |       |       |       |       |    18 ||    18
Throw: Stone             |       |     3 |       |       |       |       ||     3
       Javelin           |       |       |     5 |       |     4 |       ||     9
 Cast: Magic Dart        |    84 |    78 |    59 |    64 |     9 |     1 ||   295
       Mephitic Cloud    |       |     9 |    21 |    55 |    14 |     2 ||   101
       Conjure Flame     |       |       |    16 |    52 |    34 |    20 ||   122
       Vampiric Draining |       |       |       |    13 |    16 |     8 ||    37
       Borgnjor's Vile C |       |       |       |    21 |   153 |   179 ||   353
       Ozocubu's Armour  |       |       |       |     3 |    27 |    18 ||    48
       Dispel Undead     |       |       |       |     5 |    10 |     1 ||    16
       Sublimation of Bl |       |       |       |       |     8 |    20 ||    28
       Statue Form       |       |       |       |       |       |     1 ||     1
Invok: Receive Necronomi |       |       |       |       |     1 |       ||     1
       Renounce Religion |       |       |       |       |     1 |       ||     1
       Potion Petition   |       |       |       |       |       |     3 ||     3
 Abil: Dig               |     1 |     6 |    11 |    31 |    31 |     5 ||    85
       Shaft Self        |       |       |       |     1 |       |       ||     1
Evoke: Wand              |       |       |       |     1 |       |       ||     1
  Use: Scroll            |       |     3 |       |     6 |    10 |    16 ||    35
       Potion            |       |       |     2 |     4 |     3 |     3 ||    12
 Stab: Sleeping          |     1 |     4 |       |     3 |     1 |     1 ||    10
       Confused          |       |     1 |     3 |    12 |     1 |       ||    17
       Distracted        |       |       |       |       |     7 |     3 ||    10
  Eat: Chunk             |     2 |     9 |    10 |    33 |    29 |       ||    83
       Ration            |       |       |     2 |     1 |    13 |     9 ||    25
Armor: Robe              |     1 |    11 |    27 |    82 |    17 |       ||   138
       Steam dragon scal |       |       |       |       |    13 |       ||    13
       Troll leather arm |       |       |       |       |   228 |   237 ||   465
       Skin              |       |       |       |       |       |    31 ||    31
Dodge: Dodged            |    34 |    51 |    89 |   282 |   524 |   630 ||  1610
Block: Buckler           |       |       |       |    12 |    10 |       ||    22
       Kite shield       |       |       |       |       |   718 |   454 ||  1172
       Reflection        |       |       |       |       |    13 |       ||    13
       Rpst.: Long sword |       |       |       |    67 |   125 |   123 ||   315
       Falchion          |       |       |       |     7 |     4 |       ||    11
